Map: Backwater LE

Players

Maplez - Winner!

  • Race: Protoss Protoss
  • League: Grandmaster
  • Spawn Location: 5:00

printf

  • Race: Terran Terran
  • League: Grandmaster
  • Spawn Location: 11:00

VOD

Have the link to the VOD?

Description

Time

  • Played on: April 30, 2018, 4:32 p.m.
  • Length: 14:28
Show
View Real Time Build Order
Export as new Build Order

Maplez Protoss - Winner!

Build Orders: 1 Gate Expand, Phoenix Opening 

Get SALT Encoding   

  12  0:00  Probe  
  13  0:12  Probe  
  14  0:17  Pylon  
  14  0:23  Probe  
  15  0:31  Probe  
  15  0:38  Gateway  
  15  0:39  Probe  
  16  0:47  Assimilator  
  17  0:51  Probe  
  18  1:03  Probe  
  19  1:15  Probe  
  20  1:24  Nexus  
  20  1:27  Probe  
  21  1:38  Cybernetics Core  
  21  1:40  Probe  
  22  1:47  Assimilator  
  22  1:56  Probe  
  22  2:00  Pylon  
  23  2:08  Probe, Stalker  
  23  2:16  Warp Gate  
  24  2:26  Probe  
  24  2:35  Stalker  
  23  2:38  Probe  
  23  2:46  Probe  
  23  2:47  Probe  
  27  2:54  Probe  
  28  2:59  Probe  
  29  3:06  Probe  
  30  3:16  Stargate  
  30  3:19  Pylon  
  30  3:25  Shield Battery  
  30  3:29  Stalker  
  30  3:33  Probe  
  33  3:36  Probe  
  34  3:45  Probe  
  36  3:48  Probe  
  36  3:51  Phoenix  
  36  3:57  Probe  
  36  4:00  Probe  
  40  4:09  Probe  
  41  4:12  Probe  
  44  4:21  Probe  
  44  4:22  Pylon  
  45  4:24  Probe  
  45  4:25  Oracle  
  45  4:29  Gateway  
  45  4:30  Gateway  
  46  4:33  Probe  
  48  4:42  Probe  
  49  4:46  Probe  
  50  4:54  Probe  
  50  4:55  Oracle  
  50  4:58  Probe  
  50  4:59  Nexus  
  52  5:05  Pylon  
  52  5:06  Probe  
  56  5:08  Assimilator  
  55  5:20  Stalker  
  57  5:30  Assimilator  
  55  5:36  Stalker  
  55  5:37  Stalker  
  59  5:46  Probe x2  
  61  5:52  Twilight Council, Forge  
  61  5:56  Stalker  
  63  5:58  Blink  
  63  6:06  Protoss Ground Weapons Level 1  
  63  6:07  Stalker x2  
  63  6:08  Probe  
  63  6:09  Probe  
  69  6:12  Probe  
  70  6:21  Probe x2  
  70  6:24  Probe  
  73  6:33  Probe  
  74  6:41  Gateway  
  74  6:43  Gateway  
  74  6:44  Gateway x2  
  74  6:46  Probe x2  
  76  6:53  Pylon  
  77  6:54  Probe  
  77  6:55  Pylon  
  77  7:03  Pylon  
  77  7:09  Forge  
  77  7:15  Probe x2  
  75  7:16  Probe  
  78  7:23  Probe x2  
  78  7:28  Probe  
  81  7:31  Probe, Nexus  
  81  7:32  Pylon  
  82  7:39  Probe  
  82  7:40  Probe  
  84  7:44  Fleet Beacon  
  84  7:45  Stargate  
  84  7:48  Stargate  
  84  7:49  Protoss Ground Armor Level 1  
  84  7:50  Protoss Air Weapons Level 1, Charge  
  84  7:53  Probe  
  84  7:54  Assimilator  
  84  7:55  Assimilator  
  85  7:59  Probe x2  
  85  8:02  Pylon  
  85  8:04  Protoss Ground Weapons Level 2  
  85  8:05  Probe  
  88  8:11  Probe  
  87  8:17  Carrier x2  
  79  8:27  Probe x3  
  94  8:36  Carrier  
  96  8:56  Assimilator  
  96  9:00  Assimilator  
  96  9:04  Pylon  
  101  9:20  Zealot x4  
  101  9:21  Zealot x3  
  115  9:27  Photon Cannon  
  115  9:28  Carrier  
  115  9:29  Pylon  
  112  9:36  Graviton Catapult, Carrier  
  124  9:50  Protoss Air Weapons Level 2  
  124  9:52  Photon Cannon x2  
  124  9:57  Pylon  
  124  9:59  Zealot x5  
  134  10:04  Photon Cannon  
  134  10:11  Probe  
  134  10:12  Mothership  
  134  10:13  Carrier  
  135  10:14  Photon Cannon  
  135  10:16  Protoss Shields Level 1  
  127  10:24  Probe x3  
  144  10:31  Protoss Ground Weapons Level 3  
  144  10:36  Probe x2  
  144  10:38  Carrier  
  144  10:39  Photon Cannon  
  144  10:41  Photon Cannon  
  146  10:43  Photon Cannon  
  146  10:47  Photon Cannon  
  146  10:56  Carrier  
  146  10:57  Pylon x2  
  158  11:17  Nexus  
  158  11:22  Pylon  
  158  11:24  Pylon  
  158  11:26  Probe x3  
  161  11:32  Carrier  
  167  11:53  Robotics Facility x2  
  167  11:58  Carrier  
  165  12:04  Photon Cannon  
  169  12:12  Carrier  
  173  12:33  Stargate  
  173  12:35  Immortal x2  
  173  12:48  Carrier  
  183  13:39  Zealot x3  
  183  13:40  Zealot x2  
  199  14:21  Zealot  
  199  14:22  Zealot x5  
  193  14:28  Assimilator  
Show
View Real Time Build Order
Export as new Build Order

printf Terran 

Build Orders: Cyclone Opening, Mech 

Get SALT Encoding   

  12  0:00  SCV  
  13  0:13  SCV  
  14  0:19  Supply Depot  
  14  0:25  SCV  
  15  0:41  SCV  
  16  0:44  Barracks  
  16  0:46  Refinery  
  16  0:53  SCV  
  16  0:56  Refinery  
  17  1:05  SCV  
  18  1:17  SCV  
  19  1:31  Reaper, Orbital Command  
  20  1:40  Supply Depot  
  20  2:02  SCV, Factory  
  20  2:23  SCV  
  21  2:35  SCV, Command Center  
  22  2:47  SCV  
  23  2:55  Starport  
  23  2:58  Cyclone  
  26  3:00  SCV  
  27  3:06  Supply Depot  
  27  3:16  SCV  
  28  3:28  SCV  
  29  3:35  Starport Tech Lab, Factory Tech Lab  
  29  3:40  SCV  
  30  3:46  Orbital Command  
  29  3:53  SCV, Banshee, Cloaking Field  
  29  3:55  Siege Tank  
  36  4:11  Orbital Command  
  36  4:19  SCV  
  37  4:27  Siege Tank  
  40  4:33  Command Center  
  40  4:36  Banshee  
  40  4:37  SCV  
  45  4:38  SCV  
  45  4:51  SCV  
  46  4:56  SCV  
  46  4:58  Barracks Reactor, Refinery x2  
  46  4:59  Siege Tank  
  50  5:03  SCV  
  51  5:08  SCV  
  52  5:18  SCV  
  52  5:21  SCV  
  54  5:26  Engineering Bay  
  54  5:44  SCV x2  
  53  5:53  Factory  
  53  5:56  SCV x2, Factory  
  56  5:58  Missile Turret, Orbital Command  
  56  6:01  Missile Turret, Widow Mine x2  
  59  6:06  Missile Turret  
  59  6:08  SCV x2  
  58  6:20  SCV x2  
  58  6:23  Widow Mine x2  
  64  6:26  SCV  
  64  6:27  Refinery  
  64  6:32  Refinery  
  65  6:33  SCV x2  
  65  6:37  Supply Depot  
  65  6:39  SCV, Supply Depot x2  
  68  6:43  Infernal Pre-Igniter  
  68  6:44  Factory Tech Lab  
  68  6:45  SCV  
  69  6:51  Supply Depot  
  69  6:55  Supply Depot x2  
  69  6:59  SCV x3, Widow Mine x2  
  76  7:04  Siege Tank  
  76  7:06  Siege Tank  
  82  7:11  SCV x2  
  84  7:15  Armory  
  84  7:18  Armory  
  84  7:20  Supply Depot  
  84  7:22  SCV, Supply Depot  
  85  7:23  SCV x2  
  87  7:34  SCV  
  87  7:35  SCV x2  
  90  7:42  Siege Tank, Cyclone x2  
  99  7:46  SCV  
  99  7:47  SCV  
  101  7:56  Siege Tank  
  101  7:57  SCV, Command Center  
  105  7:59  SCV x2  
  107  8:09  SCV  
  107  8:11  SCV x2  
  94  8:22  SCV  
  91  8:28  Siege Tank  
  95  8:45  SCV  
  95  8:47  Siege Tank  
  95  8:48  Factory Reactor  
  95  8:51  SCV  
  95  8:53  SCV  
  97  9:01  Missile Turret  
  97  9:02  Missile Turret x2, Command Center  
  95  9:04  Siege Tank  
  95  9:05  Missile Turret  
  95  9:06  SCV  
  95  9:07  Command Center  
  99  9:11  SCV  
  100  9:19  SCV, Factory, Starport  
  100  9:22  Terran Vehicle Weapons Level 1  
  100  9:23  Terran Vehicle And Ship Armor Level 1  
  103  9:25  Thor  
  103  9:27  Cyclone x2  
  112  9:37  Missile Turret  
  112  9:39  Supply Depot  
  112  9:41  Starport  
  112  9:42  Supply Depot  
  112  9:43  Starport  
  112  9:44  Supply Depot  
  110  9:48  Starport  
  110  9:50  Thor, Starport  
  116  9:58  Starport Reactor  
  116  10:01  Hellion x2  
  116  10:02  Factory Tech Lab  
  121  10:07  SCV  
  121  10:08  SCV  
  121  10:11  Missile Turret  
  121  10:12  Missile Turret  
  122  10:23  Orbital Command  
  122  10:27  Starport Tech Lab x4  
  125  10:28  Siege Tank x2  
  125  10:32  Refinery  
  125  10:33  Sensor Tower  
  128  10:35  Refinery  
  128  10:40  Sensor Tower  
  128  10:45  Planetary Fortress  
  128  10:47  Command Center  
  128  10:49  Supply Depot  
  128  10:50  Missile Turret  
  128  10:52  SCV x2  
  128  10:54  SCV x2  
  128  10:55  Corvid Reactor  
  128  10:56  Raven x2  
  128  10:57  Raven x2  
  136  11:03  Missile Turret  
  140  11:04  SCV x2  
  140  11:07  Missile Turret  
  142  11:11  Command Center  
  142  11:16  Command Center  
  142  11:18  Command Center  
  142  11:26  Terran Vehicle Weapons Level 2  
  142  11:29  Terran Vehicle And Ship Armor Level 2  
  142  11:36  Viking x2  
  142  11:38  Hellion x4  
  142  11:39  Raven, Hellion  
  158  11:51  Raven  
  158  11:52  Raven  
  162  11:59  Hellion  
  162  12:00  Planetary Fortress, Hellion x2  
  168  12:11  Viking x2  
  168  12:12  Hellion x2  
  168  12:13  Raven  
  178  12:21  Hellion x3  
  182  12:27  Missile Turret  
  182  12:28  Missile Turret  
  182  12:29  Missile Turret  
  182  12:30  Missile Turret  
  182  12:32  Missile Turret x2  
  182  12:33  Missile Turret  
  182  12:34  Missile Turret, Hellion x2  
  152  12:55  Raven x3  
  152  12:56  Viking x3  
  152  12:57  Cyclone  
  129  13:26  Viking x3  
  128  13:38  Viking x3  
  131  13:45  Orbital Command  
  131  13:46  Refinery  
  131  13:47  Refinery  
  129  13:56  Viking x3  
Tags
 
Add a new tag
Caveats
  • Supply blocks, unpowered buildings, or Contaminate may cause inaccurate times.
  • Supply counts are checked every 10 seconds.